[ AOE2 MATCH · #506310460 ]
UnrankedBulgarians vs Muisca
Player's team · LOSS
Rival team · WIN
[ REPLAY ANALYSIS · EXTRACTED FROM THE RECORDED GAME ]
Feudal
9:23
Castle
18:46
Imperial
—
| APM avg | 52.0 |
| APM peak | 96 |
| eAPM avg | 23.9 |
| Villagers / military | 76 / 36 |
Focus
⚔️ 45.5% · 🌾 54.5%
Knight ×18 · Scout Cavalry ×8 · Militia ×3 · Scorpion ×3 · Monk ×2 · Battering Ram ×2
Feudal
8:56
Castle
19:52
Imperial
—
| APM avg | 69.3 |
| APM peak | 132 |
| eAPM avg | 30.4 |
| Villagers / military | 90 / 28 |
Focus
⚔️ 53.4% · 🌾 46.6%
Unknown (2586) ×17 · Archer ×16 · Monk ×12 · Unknown (2550) ×4
Match map
Initial resources + every placement click. Lines = walls · curves = elevation contours. ◆ gold · ⬟ stone · ● berries · ✦ relic · ◌ wall gap
Your base· Open — 4t gap
wR.ACCM's base· Open — 6t gap
Smoothed initial terrain · ◌ = detected wall gap · hover for details
Inputs per minute
— mentalist_ - - wR.ACCM
Build order — mentalist_
First 150 of 234 actions detected
| 0:01 | Create | Villager (Male) |
| 0:02 | Build | House |
| 0:04 | Build | House |
| 0:04 | Create | Villager (Male) |
| 0:21 | Create | Villager (Male) |
| 0:31 | Create | Villager (Male) |
| 1:27 | Create | Villager (Male) |
| 1:28 | Create | Villager (Male) |
| 1:54 | Create | Villager (Male) |
| 2:26 | Create | Villager (Male) |
| 2:51 | Create | Villager (Male) |
| 3:09 | Create | Villager (Male) |
| 3:25 | Create | Villager (Male) |
| 3:28 | Build | House |
| 3:34 | Build | Mill |
| 4:01 | Create | Villager (Male) |
| 4:27 | Create | Villager (Male) |
| 4:40 | Create | Villager (Male) |
| 5:12 | Create | Villager (Male) |
| 5:28 | Create | Villager (Male) |
| 5:35 | Research | Loom |
| 5:38 | Build | Lumber Camp |
| 5:45 | Build | Palisade Wall |
| 5:52 | Build | Palisade Wall |
| 5:56 | Build | Palisade Wall |
| 5:59 | Build | Palisade Wall |
| 6:02 | Build | Palisade Wall |
| 6:09 | Build | Palisade Wall |
| 6:20 | Create | Villager (Male) |
| 6:22 | Build | Palisade Wall |
| 6:43 | Build | Palisade Wall |
| 6:43 | Create | Villager (Male) |
| 6:45 | Build | Palisade Wall |
| 6:46 | Build | Palisade Wall |
| 6:48 | Build | Palisade Wall |
| 6:49 | Build | Palisade Wall |
| 6:51 | Build | Palisade Wall |
| 6:53 | Build | Palisade Wall |
| 6:55 | Build | Palisade Wall |
| 6:56 | Build | Palisade Wall |
| 7:00 | Build | Palisade Wall |
| 7:02 | Create | Villager (Male) |
| 7:13 | Research | Feudal Age |
| 8:20 | Build | Barracks |
| 8:41 | Build | House |
| 9:11 | Build | House |
| 9:23 | Age | Feudal Age |
| 9:24 | Create | Villager (Male) |
| 9:26 | Research | Double-Bit Axe |
| 9:28 | Create | Villager (Male) |
| 9:34 | Create | Militia |
| 9:41 | Build | House |
| 9:49 | Build | Farm |
| 9:51 | Create | Villager (Male) |
| 9:56 | Create | Militia |
| 10:07 | Build | Mill |
| 10:13 | Create | Villager (Male) |
| 10:22 | Create | Militia |
| 10:25 | Build | House |
| 10:28 | Create | Villager (Male) |
| 10:31 | Build | Farm |
| 11:00 | Create | Villager (Male) |
| 11:03 | Build | Farm |
| 11:12 | Build | Farm |
| 11:14 | Create | Villager (Male) |
| 11:22 | Build | Farm |
| 11:27 | Build | Farm |
| 11:41 | Create | Villager (Male) |
| 11:56 | Create | Villager (Male) |
| 12:02 | Build | Farm |
| 12:12 | Build | Farm |
| 12:25 | Build | House |
| 12:30 | Build | Palisade Wall |
| 12:32 | Build | Palisade Wall |
| 12:32 | Build | Palisade Wall |
| 12:33 | Build | Palisade Wall |
| 13:03 | Build | Watch Tower |
| 13:05 | Create | Villager (Male) |
| 13:08 | Create | Villager (Male) |
| 13:14 | Build | House |
| 13:16 | Build | Palisade Wall |
| 13:17 | Build | Palisade Wall |
| 13:20 | Build | Farm |
| 13:25 | Build | Mining Camp |
| 13:43 | Create | Villager (Male) |
| 14:16 | Build | Stable |
| 14:19 | Create | Villager (Male) |
| 14:26 | Build | Palisade Wall |
| 14:31 | Build | Palisade Wall |
| 14:34 | Build | Palisade Wall |
| 14:37 | Create | Villager (Male) |
| 14:48 | Research | Wheelbarrow |
| 14:48 | Research | Wheelbarrow |
| 14:51 | Build | Palisade Wall |
| 14:56 | Build | Palisade Wall |
| 14:57 | Build | Palisade Wall |
| 15:00 | Build | Palisade Wall |
| 15:04 | Build | Palisade Wall |
| 15:16 | Build | Blacksmith |
| 15:54 | Research | Horse Collar |
| 16:06 | Build | Stone Wall |
| 16:06 | Research | Castle Age |
| 16:10 | Build | Stone Wall |
| 16:13 | Build | Stone Wall |
| 16:17 | Build | Stone Wall |
| 16:21 | Build | Stone Wall |
| 16:29 | Build | Stone Wall |
| 16:31 | Build | Stone Wall |
| 16:42 | Build | Stone Wall |
| 16:47 | Build | House |
| 16:58 | Build | Gate |
| 17:00 | Build | Farm |
| 17:05 | Build | House |
| 17:08 | Research | Scale Barding Armor |
| 17:09 | Research | Bloodlines |
| 17:09 | Research | Bloodlines |
| 17:15 | Build | House |
| 17:30 | Build | Farm |
| 17:35 | Build | Stable |
| 17:54 | Research | Forging |
| 17:54 | Research | Forging |
| 18:12 | Research | Gold Mining |
| 18:25 | Build | Farm |
| 18:37 | Build | Lumber Camp |
| 18:46 | Age | Castle Age |
| 18:47 | Create | Knight |
| 18:47 | Create | Knight |
| 18:48 | Create | Villager (Male) |
| 18:50 | Create | Villager (Male) |
| 18:52 | Create | Villager (Male) |
| 18:55 | Create | Knight |
| 19:12 | Research | Husbandry |
| 19:15 | Create | Villager (Male) |
| 19:40 | Create | Knight |
| 19:47 | Create | Villager (Male) |
| 19:48 | Build | Farm |
| 19:55 | Create | Villager (Male) |
| 20:02 | Create | Villager (Male) |
| 20:07 | Create | Villager (Male) |
| 20:08 | Create | Knight |
| 20:09 | Create | Knight |
| 20:20 | Build | Outpost |
| 20:22 | Build | Farm |
| 20:23 | Build | Farm |
| 20:26 | Build | Farm |
| 20:30 | Create | Villager (Male) |
| 20:40 | Research | Chain Barding Armor |
| 20:40 | Research | Chain Barding Armor |
| 20:41 | Create | Villager (Male) |
| 20:44 | Build | House |
Build order — wR.ACCM
First 150 of 247 actions detected
| 0:00 | Create | Villager (Male) |
| 0:01 | Create | Villager (Male) |
| 0:02 | Build | House |
| 0:02 | Build | House |
| 0:11 | Create | Villager (Male) |
| 0:11 | Create | Villager (Male) |
| 1:24 | Create | Villager (Male) |
| 1:24 | Create | Villager (Male) |
| 1:46 | Build | Settlement |
| 1:51 | Create | Villager (Male) |
| 1:52 | Create | Villager (Male) |
| 2:19 | Create | Villager (Male) |
| 2:20 | Create | Villager (Male) |
| 2:36 | Create | Villager (Male) |
| 2:59 | Create | Villager (Male) |
| 3:27 | Create | Villager (Male) |
| 3:27 | Create | Villager (Male) |
| 3:56 | Create | Villager (Male) |
| 4:09 | Create | Villager (Male) |
| 4:44 | Build | Barracks |
| 4:54 | Create | Villager (Male) |
| 5:12 | Create | Villager (Male) |
| 5:23 | Create | Villager (Male) |
| 5:23 | Research | Loom |
| 6:16 | Build | Settlement |
| 6:20 | Create | Unit 2550 |
| 6:46 | Research | Feudal Age |
| 6:46 | Research | Feudal Age |
| 7:16 | Create | Unit 2550 |
| 7:37 | Create | Unit 2550 |
| 8:16 | Create | Villager (Male) |
| 8:56 | Age | Feudal Age |
| 9:04 | Build | Archery Range |
| 9:08 | Research | Tech 1402 |
| 9:08 | Research | Tech 1402 |
| 9:08 | Research | Double-Bit Axe |
| 9:10 | Create | Villager (Male) |
| 9:21 | Build | House |
| 9:42 | Create | Villager (Male) |
| 10:02 | Create | Villager (Male) |
| 10:03 | Create | Archer |
| 10:06 | Build | House |
| 10:15 | Create | Archer |
| 10:16 | Create | Villager (Male) |
| 10:38 | Create | Unit 2550 |
| 10:39 | Create | Villager (Male) |
| 10:53 | Build | Farm |
| 10:55 | Build | Farm |
| 11:02 | Build | Farm |
| 11:03 | Create | Villager (Male) |
| 11:08 | Build | House |
| 11:14 | Build | Farm |
| 11:18 | Create | Villager (Male) |
| 11:24 | Create | Archer |
| 11:36 | Build | Palisade Wall |
| 11:36 | Build | Palisade Wall |
| 11:45 | Create | Villager (Male) |
| 11:47 | Build | Palisade Wall |
| 11:47 | Build | Palisade Wall |
| 11:49 | Build | Palisade Wall |
| 11:52 | Build | House |
| 11:59 | Build | Farm |
| 12:13 | Create | Archer |
| 12:22 | Build | Farm |
| 12:25 | Create | Villager (Male) |
| 12:44 | Create | Archer |
| 12:54 | Create | Villager (Male) |
| 13:07 | Build | Farm |
| 13:20 | Create | Villager (Male) |
| 13:22 | Build | Blacksmith |
| 13:31 | Create | Archer |
| 13:38 | Build | House |
| 13:39 | Create | Villager (Male) |
| 13:46 | Build | Palisade Wall |
| 13:48 | Build | Palisade Wall |
| 14:02 | Build | House |
| 14:11 | Create | Villager (Male) |
| 14:20 | Build | Farm |
| 14:24 | Research | Fletching |
| 14:32 | Build | Farm |
| 14:35 | Create | Villager (Male) |
| 14:51 | Build | Farm |
| 14:53 | Create | Villager (Male) |
| 14:57 | Create | Archer |
| 15:13 | Build | Farm |
| 15:14 | Create | Villager (Male) |
| 15:30 | Build | Farm |
| 15:37 | Create | Archer |
| 15:42 | Create | Villager (Male) |
| 15:47 | Build | Farm |
| 16:05 | Create | Archer |
| 16:15 | Build | Farm |
| 16:17 | Create | Villager (Male) |
| 16:45 | Create | Archer |
| 17:04 | Build | House |
| 17:12 | Research | Castle Age |
| 17:12 | Research | Castle Age |
| 17:14 | Create | Archer |
| 17:51 | Create | Villager (Male) |
| 17:54 | Research | Horse Collar |
| 17:55 | Research | Horse Collar |
| 17:58 | Build | House |
| 18:01 | Create | Archer |
| 18:54 | Build | Palisade Gate |
| 18:59 | Research | Padded Archer Armor |
| 19:02 | Create | Archer |
| 19:37 | Build | Farm |
| 19:52 | Age | Castle Age |
| 19:54 | Research | Crossbowman (upgrade) |
| 19:55 | Research | Bodkin Arrow |
| 19:55 | Research | Bow Saw |
| 19:58 | Build | Monastery |
| 19:59 | Build | Farm |
| 20:06 | Build | Farm |
| 20:07 | Create | Villager (Male) |
| 20:28 | Build | Town Center |
| 20:37 | Create | Monk |
| 20:39 | Build | Farm |
| 20:41 | Create | Villager (Male) |
| 20:51 | Create | Archer |
| 20:53 | Create | Villager (Male) |
| 21:04 | Create | Archer |
| 21:19 | Create | Monk |
| 21:21 | Create | Villager (Male) |
| 21:24 | Build | Town Center |
| 21:39 | Create | Villager (Male) |
| 21:41 | Create | Monk |
| 21:44 | Build | House |
| 21:46 | Research | Town Watch |
| 21:46 | Research | Town Watch |
| 21:47 | Create | Villager (Male) |
| 21:50 | Build | Monastery |
| 21:50 | Create | Villager (Male) |
| 22:19 | Create | Villager (Male) |
| 22:24 | Research | Sanctity |
| 22:24 | Research | Sanctity |
| 22:25 | Create | Villager (Male) |
| 22:27 | Build | Farm |
| 22:29 | Create | Villager (Male) |
| 22:31 | Create | Villager (Male) |
| 22:40 | Create | Villager (Male) |
| 22:40 | Create | Villager (Male) |
| 22:45 | Build | Farm |
| 22:51 | Research | Fervor |
| 22:51 | Research | Fervor |
| 22:51 | Create | Monk |
| 22:59 | Build | Settlement |
| 23:01 | Create | Villager (Male) |
| 23:06 | Create | Villager (Male) |
| 23:20 | Create | Villager (Male) |
Match timeline
| 4:44 | wR.ACCM · first_building Barracks |
| 5:45 | mentalist_ · wall_segment Palisade Wall x1 |
| 5:52 | mentalist_ · wall_segment Palisade Wall x1 |
| 5:56 | mentalist_ · wall_segment Palisade Wall x1 |
| 5:59 | mentalist_ · wall_segment Palisade Wall x1 |
| 6:02 | mentalist_ · wall_segment Palisade Wall x1 |
| 6:09 | mentalist_ · wall_segment Palisade Wall x1 |
| 6:22 | mentalist_ · wall_segment Palisade Wall x1 |
| 6:43 | mentalist_ · wall_segment Palisade Wall x1 |
| 6:45 | mentalist_ · wall_segment Palisade Wall x1 |
| 6:46 | mentalist_ · wall_segment Palisade Wall x1 |
| 6:48 | mentalist_ · wall_segment Palisade Wall x1 |
| 6:49 | mentalist_ · wall_segment Palisade Wall x1 |
| 6:51 | mentalist_ · wall_segment Palisade Wall x1 |
| 6:53 | mentalist_ · wall_segment Palisade Wall x1 |
| 6:55 | mentalist_ · wall_segment Palisade Wall x2 |
| 6:56 | mentalist_ · wall_segment Palisade Wall x3 |
| 7:00 | mentalist_ · wall_segment Palisade Wall x1 |
| 8:20 | mentalist_ · first_building Barracks |
| 8:56 | wR.ACCM · age_up feudal |
| 9:04 | wR.ACCM · first_building Archery Range |
| 9:23 | mentalist_ · age_up feudal |
| 11:36 | wR.ACCM · wall_segment Palisade Wall x1 |
| 11:36 | wR.ACCM · wall_segment Palisade Wall x1 |
| 11:47 | wR.ACCM · wall_segment Palisade Wall x1 |
| 11:47 | wR.ACCM · wall_segment Palisade Wall x1 |
| 11:49 | wR.ACCM · wall_segment Palisade Wall x1 |
| 12:30 | mentalist_ · wall_segment Palisade Wall x1 |
| 12:32 | mentalist_ · wall_segment Palisade Wall x1 |
| 12:32 | mentalist_ · wall_segment Palisade Wall x1 |
| 12:33 | mentalist_ · wall_segment Palisade Wall x1 |
| 13:16 | mentalist_ · wall_segment Palisade Wall x4 |
| 13:17 | mentalist_ · wall_segment Palisade Wall x2 |
| 13:46 | wR.ACCM · wall_segment Palisade Wall x6 |
| 13:48 | wR.ACCM · wall_segment Palisade Wall x2 |
| 14:16 | mentalist_ · first_building Stable |
| 14:26 | mentalist_ · wall_segment Palisade Wall x1 |
| 14:31 | mentalist_ · wall_segment Palisade Wall x1 |
| 14:34 | mentalist_ · wall_segment Palisade Wall x1 |
| 14:51 | mentalist_ · wall_segment Palisade Wall x1 |
| 14:56 | mentalist_ · wall_segment Palisade Wall x1 |
| 14:57 | mentalist_ · wall_segment Palisade Wall x1 |
| 15:00 | mentalist_ · wall_segment Palisade Wall x1 |
| 15:04 | mentalist_ · wall_segment Palisade Wall x1 |
| 16:06 | mentalist_ · wall_segment Stone Wall x1 |
| 16:10 | mentalist_ · wall_segment Stone Wall x1 |
| 16:13 | mentalist_ · wall_segment Stone Wall x1 |
| 16:17 | mentalist_ · wall_segment Stone Wall x1 |
| 16:21 | mentalist_ · wall_segment Stone Wall x1 |
| 16:29 | mentalist_ · wall_segment Stone Wall x1 |
| 16:31 | mentalist_ · wall_segment Stone Wall x1 |
| 16:42 | mentalist_ · wall_segment Stone Wall x1 |
| 18:46 | mentalist_ · age_up castle |
| 19:52 | wR.ACCM · age_up castle |
| 19:58 | wR.ACCM · first_building Monastery |
| 20:53 | mentalist_ · wall_segment Palisade Wall x1 |
| 21:39 | mentalist_ · wall_segment Palisade Wall x1 |
| 22:17 | mentalist_ · wall_segment Palisade Wall x1 |
| 22:18 | mentalist_ · wall_segment Palisade Wall x1 |
| 22:19 | mentalist_ · wall_segment Palisade Wall x1 |
| 24:13 | mentalist_ · first_building Monastery |
| 26:06 | mentalist_ · first_building Siege Workshop |
| 26:48 | wR.ACCM · wall_segment Stone Wall x4 |
| 29:28 | mentalist_ · resign |
[ AI ANALYSIS · 1 CREDIT ]
What really happened in this match?
Wolo.gg analyzes every decision: build order, eco, micro, common mistakes by bracket. Personalized analysis on WhatsApp or Discord in 30 seconds.
Civ guide
Bulgarians
Perfil
Jugador #9579739